Unix NetHack Version 5.0.0-0 post-release - last build May  4 2026 22:22:43 (774f63e81ad911689b3a0859ea89b322d5daca8d,branch:main).

Game began 2026-05-06 23:44:53, ended 2026-05-07 00:09:05.

BeardyHaddock, chaotic male elven Wizard

                                                #
                                                #
                                                #
                                                ##
                                        #-------#
                                       ##..@...|#
                                        #|B<.(.-#
                                         +....f|
                                         -------

BeardyHaddock the Conjurer  St:9 Dx:12 Co:13 In:20 Wi:11 Ch:10  Chaotic
Dlvl:4  $:278 HP:0(23) Pw:25(25) AC:4  Xp:3 T:2391 

Latest messages:
 G - a spellbook of detect monsters.
 What do you want to read? [ikG or ?*] G
 You begin to memorize the runes.
 You add "detect monsters" to your repertoire, as 'f'.
 You climb up the stairs.
 You see here an acid blob corpse.
 The kitten picks up an acid blob corpse.
 You see here a flail.
 "Hello, BeardyHaddock!  Welcome again to Akureyri's general store!"
 What do you want to drop? [$a-cefhikn-prtyzACFG or ?*] ?
 You drop a spellbook of detect monsters.
 Akureyri offers 50 gold pieces for your spellbook of detect monsters.  Sell it? [ynaq] (n) y
 You sold a spellbook of detect monsters for 50 gold pieces.
 You do not owe Akureyri anything.
 The kitten drops a flail.
 The kitten picks up a brown potion.
 The kitten drops a brown potion.
 You hear someone counting gold coins.
 You hear someone counting gold coins.
 You swap places with your kitten.
 You hear someone cursing shoplifters.
 You descend the stairs.
 You sense the presence of monsters.
 (For instructions type a '?')
 Done.
 You see here an empty broken chest.
 The door opens.
 You swap places with your kitten.
 You see here an empty broken chest.
 You climb up the stairs.
 You hear the footsteps of a guard on patrol.
 In what direction? 2
 The spell hits the floating eye!
 You kill the floating eye!
 You kill the gas spore!
 Boom!
 You are caught in the gas spore's explosion!
 You hear the chime of a cash register.
 You hear someone cursing shoplifters.
 You descend the stairs.
 You stop.  Your kitten is in the way!
 The giant bat bites!
 The giant bat bites!
 The giant bat bites!
 You die...
 Do you want your possessions identified? [ynq] (y) n
 Do you want to see your attributes? [ynq] (y) n
 Do you want an account of creatures vanquished? [ynaq] (y) n
 Do you want to see your conduct and achievements? [ynq] (y) n
 Do you want to see the dungeon overview? [ynq] (y) n

Inventory:
 Coins    ('$')
  $ - 278 gold pieces
 Weapons  (')')
  a - a blessed +1 quarterstaff (weapon in hands)
 Armor    ('[')
  b - an uncursed +0 cloak of magic resistance (being worn)
  p - an uncursed +0 chain mail (being worn)
 Comestibles  ('%')
  C - 2 uncursed food rations
 Scrolls  ('?')
  k - 2 uncursed scrolls of identify
  i - an uncursed scroll of taming
 Potions  ('!')
  h - an uncursed potion of healing
  F - an uncursed potion of healing
  f - a potion of holy water
 Rings    ('=')
  e - an uncursed +1 ring of protection
 Wands    ('/')
  c - a wand of stasis (0:6)
 Tools    ('(')
  o - an uncursed tooled horn
  n - a magic marker (0:20)
  A - an uncursed skeleton key
 Gems/Stones  ('*')
  t - an uncursed aquamarine stone
  y - an uncursed citrine stone
  r - an uncursed worthless piece of black glass
  z - an uncursed worthless piece of yellowish brown glass

BeardyHaddock the Wizard's attributes:

Background:
 You were a Conjurer, a level 3 male elven Wizard.
 You were chaotic, nominally on a mission for Anhur
 who was opposed by Ptah (lawful) and Thoth (neutral).
 You were left-handed.
 You were in the Dungeons of Doom, on level 4.
 You entered the dungeon 2391 turns ago.
 It was the midnight hour.
 You had 62 experience points, 18 more were needed to attain level 4.

Basics:
 You had 0 out of 23 hit points.
 You had all 25 energy points (spell power).
 Your armor class was 4.
 Your wallet contained 278 zorkmids.
 Autopickup was off.

Final Characteristics:
 Your strength was 9 (limit:18).
 Your dexterity was 12 (limit:18).
 Your constitution was 13 (limit:16).
 Your intelligence was 20 (limit:20).
 Your wisdom was 11 (limit:20).
 Your charisma was 10 (limit:18).

Final Status:
 You weren't hungry.
 You were unencumbered.
 You were wielding a quarterstaff.
 You had basic skill with quarterstaff.

Final Attributes:
 You were piously aligned.
 You were magic-protected.
 You had infravision.
 You were warded.
 Your spell casting was impaired by metallic armor.
 You are dead.

Miscellaneous:
 You didn't encounter any bones levels.
 Total elapsed playing time was 24 minutes and 11 seconds.

Major events:
 Turn
    1: BeardyHaddock the chaotic male elven Wizard entered the dungeon
 1873: attained the rank of Conjurer (level 3)
 2391: killed by a giant bat

Spells:
 Name                 Level Category     Fail Retention
 force bolt             1   attack        12%   81%-90%
 stone to flesh         3   healing       89%  76%-100%
 magic missile          2   attack         0%  91%-100%
 cure sickness          3   healing       89%  76%-100%
 extra healing          3   healing       89%  76%-100%
 detect monsters        1   divination    12%  76%-100%

Skills:
 Fighting Skills
   bare handed combat [Unskilled]
   riding             [Unskilled]
 Weapon Skills
   dagger             [Unskilled]
   knife              [Unskilled]
   axe                [Unskilled]
   short sword        [Unskilled]
   club               [Unskilled]
   mace               [Unskilled]
   quarterstaff       [Basic]
   polearms           [Unskilled]
   spear              [Unskilled]
   trident            [Unskilled]
   sling              [Unskilled]
   dart               [Unskilled]
   shuriken           [Unskilled]
 Spellcasting Skills
   attack spells      [Basic]
   healing spells     [Unskilled]
   divination spells  [Unskilled]
   enchantment spells [Basic]
   clerical spells    [Unskilled]
   escape spells      [Unskilled]
   matter spells      [Unskilled]

Voluntary challenges:
 Character rerolling was not enabled.
 You were an atheist.
 You never genocided any monsters.
 You never polymorphed an object.
 You never changed form.
 You used no wishes.
Achievements:
 You entered a shop.
 You attained the rank of Conjurer.

 The Dungeons of Doom: levels 1 to 4
    Level 1:
       An altar to Anhur, a fountain.
    Level 2:
    Level 3:
       A general store, a grave.
    Level 4: <- You were here.
       Final resting place for
          you, killed by a giant bat.


Vanquished creatures:
  a floating eye
  2 acid blobs
  3 gas spores
  3 geckos
 16 jackals
  a fox
  a kobold
  a sewer rat
  a grid bug
  2 lichens
  a kobold zombie
  4 newts
36 creatures vanquished.

No species were genocided or became extinct.

Game over:
                       ----------
                      /          \
                     /    REST    \
                    /      IN      \
                   /     PEACE      \
                  /                  \
                  |  BeardyHaddock   |
                  |      278 Au      |
                  |   killed by a    |
                  |    giant bat     |
                  |                  |
                  |                  |
                  |       2026       |
                 *|     *  *  *      | *
        _________)/\\_//(\/(/\)/\//\/|_)_______

Goodbye BeardyHaddock the Wizard...

You died in The Dungeons of Doom on dungeon level 4 with 649 points,
and 278 pieces of gold, after 2391 moves.
You were level 3 with a maximum of 23 hit points when you died.

